 Dungeon Crawl Stone Soup version 0.24.0-2-g5b39cebb1c (webtiles) character file.

Game seed: 314642648625560787, levelgen mode: deterministic

156 Peloso the Shield-Bearer (level 5, -5/47 HPs)
             Began as a Minotaur Fighter on Oct 31, 2019.
             Slain by a gnoll
             ... wielding a +0 whip
              (7 damage)
             ... on level 3 of the Dungeon.
             The game lasted 00:02:50 (1196 turns).

Peloso the Shield-Bearer (Minotaur Fighter)         Turns: 1196, Time: 00:02:50

Health: -5/47      AC:  7    Str: 21    XL:     5   Next: 15%
Magic:  4/4        EV:  8    Int:  5    God:
Gold:   155        SH:  9    Dex: 10    Spells: 4/4 levels left

rFire    . . .     SeeInvis .   a - +0 long sword
rCold    . . .     Gourm    .   c - +0 shield
rNeg     . . .     Faith    .   b - +0 scale mail
rPois    .         Spirit   .   (helmet restricted)
rElec    .         Reflect  .   (no cloak)
rCorr    .         Harm     .   (no gloves)
MR       .....                  (no boots)
Stlth    ..........             (no amulet)
HPRegen  0.15/turn              (no ring)
MPRegen  0.09/turn              (no ring)

@: no status effects
A: retaliatory headbutt, horns 2
a: no special abilities


You were on level 3 of the Dungeon.
You were not hungry.

You visited 1 branch of the dungeon, and saw 3 of its levels.

You collected 155 gold pieces.

Inventory:

Hand Weapons
 a - a +0 long sword (weapon)
Armour
 b - a +0 scale mail (worn)
 c - a +0 shield (worn)
Scrolls
 e - a scroll of enchant weapon {unknown}
 g - 2 scrolls of remove curse {unknown}
 i - a scroll of enchant armour {unknown}
 j - 2 scrolls of identify {unknown}
 l - a scroll of teleportation {unknown}
Potions
 d - 2 potions of might
 h - a potion of brilliance
Comestibles
 f - 8 rations
 k - a chunk of flesh


   Skills:
 + Level 4.4 Fighting
 + Level 4.3 Long Blades
 + Level 4.4 Armour
 + Level 1.5 Dodging
 + Level 4.4 Shields


You had 4 spell levels left.
You didn't know any spells.
Your spell library contained the following spells:

 Spells                   Type           Power        Failure   Level  Hunger
 Animate Skeleton         Necr           N/A          99%         1    ##.....
 Apportation              Tloc           #.....       99%         1    ##.....
 Confusing Touch          Hex            #.....       99%         1    ##.....
 Summon Small Mammal      Summ           #...         99%         1    ##.....


Dungeon Overview and Level Annotations

Branches:
Dungeon (3/15)

Altars:


Innate Abilities, Weirdness & Mutations

You reflexively headbutt those who attack you in melee.
You have a pair of horns on your head.


Message History

You kill the gnoll!
The gnoll hits you with a +0 whip.
* * * LOW HITPOINT WARNING * * *
You hit the gnoll.
The gnoll is severely wounded.
The gnoll hits you with a +0 whip.
* * * LOW HITPOINT WARNING * * *
You closely miss the gnoll.
The gnoll is severely wounded.
The gnoll barely misses you.
You closely miss the gnoll.
The gnoll is severely wounded.
The gnoll barely misses you.
You riposte.
You hit the gnoll.
The gnoll is almost dead.
You hit the gnoll but do no damage.
The gnoll is almost dead.
The gnoll hits you with a +0 whip.
* * * LOW HITPOINT WARNING * * *
The gnoll hits you with a +0 whip!
You die...

#.......#
##.###### ## #.#
.. #.# #. #.#
##. ###.### #.#
#.. #.....#
##...#.###>#.#.#
<.....og@....#.#
######.###.### #
... #.....# ###.
#####.... #. ##
.. #. #.


You could see a gnoll and an orc.

Vanquished Creatures
  An orc wizard (D:3)
  3 adders (D:2)
  4 gnolls
  An ooze (D:1)
  A worm (D:3)
  A dart slug (D:1)
  6 orcs (D:3)
  8 bats
  2 giant cockroaches
  4 hobgoblins
  5 kobolds
  A quokka (D:3)
  2 ball pythons
  4 frilled lizards
  7 goblins
  5 rats
55 creatures vanquished.

Notes
Turn   | Place    | Note
-------+----------+-------------------------------------------
     0 | D:1      | Peloso the Minotaur Fighter began the quest for the Orb.
     0 | D:1      | Reached XP level 1. HP: 19/19 MP: 0/0
    17 | D:1      | Reached XP level 2. HP: 15/27 MP: 1/1
   162 | D:1      | Reached XP level 3. HP: 14/33 MP: 2/2
   495 | D:2      | Reached skill level 1 in Dodging
   725 | D:2      | Reached XP level 4. HP: 37/40 MP: 3/3
  1186 | D:3      | Reached XP level 5. HP: 12/47 MP: 4/4
  1196 | D:3      | HP: 2/47 [gnoll/+0 whip (3)]
  1196 | D:3      | Slain by a gnoll

Levels and vault maps discovered:
D:1:      lightli_arrival_maybe_door_vault, layout_rooms, fountainhead
D:2:      layout_loops_ring, mrwooster_statue_mirror
D:3:      layout_loops_ring, gup_sewer_entry_bowl, first_ration

Skill      XL: |  1  2  3  4 |
---------------+-------------+-----
Fighting       | 4 |  4.4
Armour         | 4 |  4.4
Shields        | 4 |  4.4
Long Blades    | 3 4 |  4.3
Dodging        | 1 |  1.5

Action                   |  1- 3 |  4- 6 || total
-------------------------+-------+-------++-------
Melee: Long sword        |    80 |    60 ||   140
       Headbutt          |     6 |    14 ||    20
  Use: Potion            |     1 |     1 ||     2
  Eat: Chunk             |       |     1 ||     1
Armor: Scale mail        |    41 |    25 ||    66
Dodge: Dodged            |    28 |    18 ||    46
Block: Shield            |    58 |    28 ||    86
       Rpst.: Long sword |     9 |     5 ||    14
